 Dungeon Crawl Stone Soup version 0.31-a0-344-gd109795599 (webtiles) character file.

Game seed: 15847733402627828930

3991 Pelmeshek the Cleaver (level 10, -3/88 HPs)
             Began as a Minotaur Fighter on July 21, 2023.
             Was a Believer of Okawaru.
             Slain by a two-headed ogre
             ... wielding a +0 giant spiked club
              (11 damage)
             ... on level 9 of the Dungeon.
             The game lasted 00:47:56 (8743 turns).

Pelmeshek the Cleaver (Minotaur Fighter)            Turns: 8743, Time: 00:47:57

Health: -3/88      AC: 13    Str: 25    XL:     10   Next: 3%
Magic:  11/11      EV:  7    Int:  5    God:    Okawaru [**....]
Gold:   1523       SH:  5    Dex: 10    Spells: 9/9 levels left

rFire   + + .        a - +0 war axe
rCold   + . .        c - +0 buckler
rNeg    + . .        x - +0 plate armour
rPois   +            (helmet restricted)
rElec   .            (no cloak)
rCorr   .            (no gloves)
SInv    .            (no boots)
Will    .....        C - amulet "Ubutir" {Faith Rampage rC+} Stlth
                     v - ring "Sielal" {rPois rF+ rN+}
HPRegen 0.34/turn    K - ring of protection from fire
MPRegen 0.12/turn

%: rampage, faith
@: brilliant
A: horns 2, retaliatory headbutt
a: Renounce Religion, Heroism


You were on level 9 of the Dungeon.
You worshipped Okawaru.
Okawaru was pleased with you.
You visited 1 branch of the dungeon, and saw 9 of its levels.
You also visited: Ossuary.

You collected 1523 gold pieces.

Inventory:

Hand Weapons
 a - a +0 war axe (weapon)
 N - a +3 flail of venom
Missiles
 g - 12 javelins
 p - 18 poisoned darts
Armour
 c - a +0 buckler (worn)
 x - a +0 plate armour (worn)
Jewellery
 j - a ring of poison resistance
 u - a ring of poison resistance
 v - the ring "Sielal" (left hand) {rPois rF+ rN+}
   (You found it on level 2 of the Dungeon)

   [ring of poison resistance]

   rF:        It protects you from fire.
   rPois:     It protects you from poison.
   rN:        It protects you from negative energy.
 C - the amulet "Ubutir" (around neck) {Faith Rampage rC+}
   (You acquired it on level 5 of the Dungeon)

   [amulet of faith]

   It allows you to gain divine favour quickly.
   rC:        It protects you from cold.
   Rampage:   It bestows one free step when moving towards enemies.
 G - an amulet of reflection
 K - a ring of protection from fire (right hand)
Talismans
 h - a serpent talisman
Wands
 y - a wand of charming (4)
 J - a wand of mindburst (28)
Scrolls
 f - 2 scrolls of noise
 k - a scroll of enchant armour {unknown}
 m - 2 scrolls of amnesia {unknown}
 n - a scroll of fear
 s - 2 scrolls of immolation {unknown}
 D - 2 scrolls of enchant weapon {unknown}
 E - a scroll of fog
 F - 2 scrolls of blinking
 H - 2 scrolls of revelation
 I - a scroll of vulnerability
 L - a scroll of teleportation
 M - 2 scrolls of summoning {unknown}
Potions
 b - 2 potions of heal wounds {unknown}
 d - 3 potions of might
 e - 2 potions of degeneration {unknown}
 i - 4 potions of curing
 l - 3 potions of brilliance
 o - 2 potions of magic {unknown}
 q - a potion of attraction {unknown}
 r - 4 potions of lignification {unknown}
 t - a potion of invisibility {unknown}
 w - 2 potions of ambrosia {unknown}
 z - 2 potions of enlightenment {unknown}
 A - 3 potions of mutation {unknown}
 B - a potion of haste {unknown}
 P - a potion of berserk rage {unknown}


   Skills:
 + Level 8.3 Fighting
 * Level 10.6 Axes
 + Level 8.7 Armour
 - Level 0.2 Dodging
 + Level 8.2 Shields
 * Level 3.7 Invocations


You had 9 spell levels left.
You didn't know any spells.
Your spell library contained the following spells:

 Spells                   Type           Power      Damage    Failure   Level
 Apportation              Tloc           0%         N/A       100%        1
 Necrotise                Necr           0%         1d4       100%        1
 Ensorcelled Hibernation  Hex/Ice        0%         N/A       100%        2
 Passwall                 Tmut/Erth      0%         N/A       100%        2
 Portal Projectile        Hex/Tloc       0%         N/A       100%        3
 Swiftness                Air            0%         N/A       100%        3
 Leda's Liquefaction      Hex/Erth       0%         N/A       100%        4
 Summon Small Mammal      Summ           Unusable   N/A       N/A         1
 Call Canine Familiar     Summ           Unusable   N/A       N/A         3

Dungeon Overview and Level Annotations

Branches:
Dungeon (9/15)             Temple (0/1) D:6         Ossuary (visited)
   Lair: D:8-11         Orc: D:9-12

Altars:
Ashenzari
Elyvilon
Gozag
Okawaru
Ru
Vehumet
Xom

Shops:
D:5 =


Innate Abilities, Weirdness & Mutations

You have a pair of horns on your head.
You reflexively headbutt those who attack you in melee.


Message History

As you read the scroll of identify, it crumbles to dust.
L - a scroll of teleportation
There is a stone staircase leading down here.
You climb downwards.
Found a lajatang.
There is a stone staircase leading up here.
A bullfrog and a two-headed ogre come into view.
Found a stone staircase leading down.
The bullfrog gives a loud, deep croak!
You rampage towards the two-headed ogre!
You block the bullfrog's attack.
You hit the two-headed ogre. You headbutt the two-headed ogre.
The two-headed ogre is lightly wounded.
You barely miss the bullfrog. The bullfrog closely misses you.
You furiously retaliate!
You headbutt the bullfrog.
The two-headed ogre hits you with a +0 giant spiked club!!
The two-headed ogre hits you with a +0 dire flail!
You slice the two-headed ogre!! You headbutt the two-headed ogre!
The two-headed ogre is severely wounded.
You closely miss the bullfrog. The bullfrog hits you.
The bullfrog closely misses you. You furiously retaliate!
You headbutt the bullfrog! You hit the two-headed ogre.
Your headbutt misses the two-headed ogre.
The two-headed ogre is severely wounded.
You hit the bullfrog. The bullfrog hits you.
The two-headed ogre hits you with a +0 giant spiked club!
The two-headed ogre hits you but does no damage.
Something bites the fungus!!
The fungus begins to die.
Something bites the plant.
The plant begins to die.
The bullfrog hits you. You block the bullfrog's attack.
The two-headed ogre attacks as you move away!
The two-headed ogre hits you with a +0 giant spiked club!!
* * * LOW HITPOINT WARNING * * *
The two-headed ogre hits you but does no damage.
The bullfrog hits you but does no damage. x2
The two-headed ogre attacks as you move away!
You block the two-headed ogre's attack.
The two-headed ogre hits you with a +0 dire flail!
You die...

#.#......P.
#.#...P....
#.#.....P.P
......P.PP
###......PPP
#.........PP
######..).......P
........F.....P..
...####.@O...##...
.......<........#
...####.......#.#
.........# ..
............> .
#...............
#...............
#..............
#..............


You could see a two-headed ogre and a bullfrog.

Vanquished Creatures
  A two-headed ogre (D:8)
  Sigmund (D:3)
  A steam dragon (D:8)
  3 water moccasins
  2 orc warriors
  Pargi (D:3)
  2 ice beasts
  A black bear (D:5)
  A sky beast (D:6)
  A centaur (D:7)
  4 phantoms
  A kobold brigand (D:6)
  2 bullfrogs (D:7)
  2 scorpions (D:5)
  A wight (D:7)
  9 killer bees (D:8)
  3 howler monkeys
  2 hounds
  A jelly (D:7)
  5 orc priests
  4 orc wizards
  Terence (D:3)
  4 iguanas
  13 mummies (Ossuary)
  7 gnolls
  8 adders
  2 shadow imps
  A white imp (D:7)
  An ufetubus (D:6)
  2 worms (D:5)
  5 dart slugs
  22 orcs
  10 ball pythons
  3 bats (D:1)
  8 endoplasms
  A giant cockroach (D:2)
  6 goblins
  4 hobgoblins
  10 jackals
  9 kobolds
  5 quokkas
  3 frilled lizards
  2 gnoll skeletons (Ossuary)
  A goblin skeleton (Ossuary)
  3 kobold skeletons (Ossuary)
  2 orc skeletons (Ossuary)
  4 rats
  11 rat skeletons (Ossuary)
196 creatures vanquished.

Vanquished Creatures (others)
  An orc wizard (D:6)
1 creature vanquished.

Grand Total: 197 creatures vanquished

Notes
Turn   | Place    | Note
-------+----------+-------------------------------------------
     0 | D:1      | Pelmeshek the Minotaur Fighter began the quest for the Orb.
     0 | D:1      | Reached XP level 1. HP: 19/19 MP: 0/0
   105 | D:1      | Reached XP level 2. HP: 27/27 MP: 1/1
   592 | D:1      | Reached XP level 3. HP: 32/33 MP: 2/2
  1391 | D:2      | Reached skill level 3 in Axes
  1447 | D:2      | Reached XP level 4. HP: 34/40 MP: 3/3
  1647 | D:2      | Reached skill level 5 in Armour
  1652 | D:2      | Reached skill level 4 in Axes
  1652 | D:2      | Reached XP level 5. HP: 43/47 MP: 4/4
  1921 | D:2      | Identified the ring "Sielal" {rPois rF+ rN+}
  2196 | D:3      | Noticed Terence
  2204 | D:3      | Killed Terence
  2395 | D:3      | Found a faded altar of an unknown god.
  2432 | D:3      | Noticed Sigmund
  2467 | D:3      | Killed Sigmund
  2468 | D:3      | Reached skill level 5 in Fighting
  2468 | D:3      | Reached skill level 5 in Axes
  2468 | D:3      | Reached XP level 6. HP: 28/56 MP: 5/5
  2746 | D:3      | Noticed Pargi
  2763 | D:3      | Killed Pargi
  2764 | D:3      | Reached skill level 5 in Shields
  3243 | D:4      | Reached XP level 7. HP: 53/61 MP: 6/6
  3284 | D:4      | Identified the +0 robe "Ugaguoj" {rCorr Slay+5}
  3319 | D:4      | Reached skill level 6 in Axes
  3672 | D:4      | Found a broken altar of Ashenzari.
  4133 | D:5      | Entered Level 5 of the Dungeon
  4249 | D:5      | Reached skill level 7 in Axes
  4287 | D:5      | Reached XP level 8. HP: 65/70 MP: 7/7
  4322 | D:5      | Found a sand-covered staircase.
  4333 | Ossuary  | Entered an ossuary
  4995 | D:5      | Reached skill level 8 in Axes
  5134 | D:5      | Found Ries's Jewellery Shoppe.
  5225 | D:5      | Found a white marble altar of Elyvilon.
  5225 | D:5      | Found a radiant altar of Vehumet.
  5232 | D:5      | Found an opulent altar of Gozag.
  5241 | D:5      | Found a sacrificial altar of Ru.
  5243 | D:5      | Found a shimmering altar of Xom.
  5357 | D:5      | Identified a scroll of acquirement
  5357 | D:5      | Acquired the amulet "Ubutir" {Faith Rampage rC+}
  5760 | D:6      | Reached skill level 9 in Axes
  5789 | D:6      | Found a staircase to the Ecumenical Temple.
  5798 | D:6      | Reached XP level 9. HP: 62/79 MP: 8/8
  6162 | D:7      | Found an iron altar of Okawaru.
  6402 | D:7      | Acquired 1118 gold pieces
  6514 | D:7      | Became a worshipper of Warmaster Okawaru
  6661 | D:7      | Reached skill level 1 in Invocations
  7334 | D:8      | Noticed a two-headed ogre
  7353 | D:8      | Killed a two-headed ogre
  7353 | D:8      | Reached * piety under Okawaru
  7354 | D:8      | Reached skill level 10 in Axes
  7819 | D:8      | HP: 4/81 [poisoned by a killer bee]
  8363 | D:8      | Reached XP level 10. HP: 63/88 MP: 11/11
  8368 | D:8      | Reached ** piety under Okawaru
  8733 | D:9      | Noticed a two-headed ogre
  8743 | D:9      | Slain by a two-headed ogre

Illustrated notes

Levels and vault maps discovered:
D:1:      elethiomel_arrival_infinity_welcomes_careful_drivers, layout_rooms,
          serial_co_window_serial, co_window_corner_a, co_window_paths_a,
          co_window_corner_a, co_window_of_opportunity_a, co_window_corner_a,
          co_window_paths_b, co_window_broadway_b, co_window_cross_2,
          co_window_broadway_b, co_window_2corner, glass_columns_a,
          glass_columns_c, glass_columns_b, glass_columns_a, glass_columns_b
D:2:      layout_basic, grunt_ministairs_13, minmay_small_reverse_x
D:3:      layout_basic, chequers_ecumenical_altar_simple, grunt_decor_cap,
          uniq_sigmund, uniq_pargi, uniq_terence
D:4:      layout_rooms, mainiacjoe_overflow_24_doors,
          ebering_dispersal_statue_hall
D:5:      cheibrodos_quashed, layout_rooms, chequers_temple_overflow_minitemple,
          serial_shops, shop, lightli_ossuary_entry_decrepit_ruins
D:6:      layout_rooms, minmay_temple_entry_wispy
D:7:      layout_rooms, okawaru_ov_weapons_minmay, minmay_checkerbox
D:8:      layout_basic, minmay_holes, kennysheep_generic_room_7
D:9:      layout_basic, due_lair_maze_entry_diamond

Skill      XL: |  1  2  3  4  5  6  7  8  9 |
---------------+----------------------------+-----
Armour         | 4 5 6 7 8 |  8.7
Fighting       | 4 5 6 7 8 |  8.3
Axes           | 3 4 5 7 9 10 | 10.6
Shields        | 4 5 6 7 8 |  8.2
Invocations    | 3 |  3.7
Dodging        | |  0.2

Action                     |  1- 3 |  4- 6 |  7- 9 | 10-12 || total
---------------------------+-------+-------+-------+-------++-------
  Melee: War axe           |    64 |   119 |   349 |    10 ||   542
         Headbutt          |    11 |    11 |    57 |     2 ||    81
    Use: Scroll            |       |       |    10 |     1 ||    11
         Potion            |       |       |       |     2 ||     2
 Armour: Scale mail        |    16 |       |       |       ||    16
         Chain mail        |    10 |    51 |       |       ||    61
         Plate armour      |       |    41 |   261 |     5 ||   307
  Dodge: Dodged            |    19 |    42 |   117 |     2 ||   180
  Block: Buckler           |    16 |    27 |   109 |     5 ||   157

Table legend: (Time is in decaauts)
 A = Elapsed time spent in this place.
 B = Non-inter-level travel time spent in this place.
 C = Inter-level travel time spent in this place.
 D = Time resting spent in this place.
 E = Time spent auto-exploring this place.
 F = Levels seen in this place.
 G = Mean time per level.
                   A        B        C        D        E       F      G
               +--------+--------+--------+--------+--------+-----+--------+
         Total |   8846 |   8846 |      0 |   1638 |   3566 |  10 |  884.6 |
       Dungeon |   8262 |   8262 |      0 |   1638 |   3421 |   9 |  918.0 |
       Ossuary |    584 |    584 |      0 |      0 |    145 |   1 |  584.0 |
               +--------+--------+--------+--------+--------+-----+--------+

Top non-repeatable levels by time:
     D:7: 1344 daAuts
     D:1: 1324 daAuts
     D:8: 1292 daAuts
     D:3: 1068 daAuts
     D:4: 921 daAuts
     D:2: 889 daAuts
     D:6: 706 daAuts
     D:5: 705 daAuts
 Ossuary: 584 daAuts
     D:9: 10 daAuts
